 Dungeon Crawl Stone Soup version 0.27.1 (webtiles) character file.

Game seed: 683302604767646292

39 unlimited1921 the Firebug (level 3, -1/26 HPs)
             Began as a Demigod Fire Elementalist on Aug 24, 2021.
             Slain by a hobgoblin (2 damage)
             ... on level 2 of the Dungeon.
             The game lasted 00:12:11 (3810 turns).

unlimited1921 the Firebug (DgFE)                    Turns: 3810, Time: 00:12:12

Health: -1/26      AC:  2    Str:  9    XL:     3   Next: 13%
Magic:  3/9        EV: 12    Int: 21    God:
Gold:   46         SH:  0    Dex: 14    Spells: 5/6 levels left

rFire    . . .     SeeInvis .   c - +0 hand axe
rCold    . . .     Faith    .   (no shield)
rNeg     . . .     Spirit   .   a - +0 robe
rPois    .         Reflect  .   (no helmet)
rElec    .         Harm     .   (no cloak)
rCorr    .         Rampage  .   (no gloves)
Will     .....                  (no boots)
Stlth    ++........             (no amulet)
HPRegen  0.08/turn              (no ring)
MPRegen  0.11/turn              (no ring)

@: no status effects
A: high mp 1, forlorn
a: no special abilities


You were on level 2 of the Dungeon.
You visited 1 branch of the dungeon, and saw 2 of its levels.

You collected 46 gold pieces.

Inventory:

Hand Weapons
 c - a +0 hand axe (weapon)
 j - a +3 hunting sling
Missiles
 b - 10 arrows
 k - 20 stones
Armour
 a - a +0 robe (worn)
 h - a +0 leather armour
Scrolls
 e - 2 scrolls of identify {unknown}
 f - 2 scrolls of enchant weapon {unknown}
 g - a scroll of magic mapping {unknown}
 m - a scroll of teleportation {unknown}
Potions
 d - a potion of attraction {unknown}
 i - a potion of mutation {unknown}
 l - a potion of haste {unknown}


   Skills:
 + Level 0.1 Fighting
 + Level 1.9 Dodging
 + Level 1.9 Stealth
 * Level 2.4 Spellcasting
 * Level 1.3 Conjurations
 + Level 3.1 Fire Magic


You had 5 spell levels left.
You knew the following spells:

 Your Spells              Type           Power      Damage    Failure   Level
a - Foxfire               Conj/Fire      44%        2x1d6     5%          1

Your spell library contained the following spells:

 Spells                   Type           Power      Damage    Failure   Level
 Conjure Flame            Conj/Fire      11%        6-21      17%         3
 Inner Flame              Hex/Fire       9%         N/A       22%         3
 Sticky Flame             Conj/Fire      11%        2d3       50%         4
 Fireball                 Conj/Fire      5%         3d5       83%         5


Dungeon Overview and Level Annotations

Branches:
Dungeon (2/15)

Shops:
D:1 [

Annotations:
D:2 Robin


Innate Abilities, Weirdness & Mutations

Your attributes grow dramatically as you level up.
You have an increased reservoir of magic. (+10% MP)
You shall have no god before yourself.


Message History

Your magical contamination has completely faded away.
Casting: Foxfire (safe; 6% risk of failure)
Confirm with . or Enter, or press ? or * to list all spells.
You conjure some foxfire!
The hobgoblin no longer looks unusually strong.
The hobgoblin misses you.
Your foxfire dissipates!
The foxfire hits the hobgoblin.
The hobgoblin is severely wounded.
Robin laughs in a distinctly smug fashion.
Robin throws the goblin at you! The goblin hits you with a +0 club.
The goblin hits you but does no damage.
Casting: Foxfire (safe; 6% risk of failure)
Confirm with . or Enter, or press ? or * to list all spells.
You conjure some foxfire!
A hobgoblin opens the door.
The goblin hits you with a +0 club.
The goblin no longer looks unusually strong.
The foxfire hits the goblin.
The goblin is heavily wounded.
The foxfire hits the goblin.
You kill the goblin!
The hobgoblin barely misses you.
Casting: Foxfire (safe; 6% risk of failure)
Confirm with . or Enter, or press ? or * to list all spells.
You conjure some foxfire!
The hobgoblin hits you.
* * * LOW HITPOINT WARNING * * *
Robin throws the goblin at you!
The foxfire hits the goblin.
You kill the goblin!
The kobold hits the bush but does no damage.
The foxfire hits the hobgoblin.
You kill the hobgoblin!
The goblin hits you but does no damage. The goblin barely misses you.
The hobgoblin hits the bush but does no damage.
The goblin hits you with a +0 dagger.
* * * LOW HITPOINT WARNING * * *
Robin roars a battlecry!
The goblins go into a battle-frenzy!
The hobgoblin hits you.
You die... ###.##.P..♣ ♣♣.♣♣ #.#.S♣g.♣♣♣..P♣ ♣.. # #.#.♣...♣...♣ ♣.♣ ####+#K#.♣..P...♣♣ P.P #.....†..♣...P♣♣♣.
P.P

#...g..).♣P♣P♣♣... ♣.♣
#g..P.....♣.P♣♣... #.######
##gg♣.P+##.♣.P♣.... #.#....#
##P@P....##.#.......
#.#....###...♣♣♣..P#.#####.).
#..........♣..♣♣.P.P..####...
#.........♣♣P♣♣♣♣.♣...+.....>
#.###'#.#...♣P♣.♣P....####.#.
#.#........P..♣♣...... .....
#+#.#.#.###.P.♣P....#.####...
...#.#.#....♣PP.#.##....#...
....
#.#.#.....P.........<#...


You could see Robin, an adder, 2 hobgoblins, a goblin (strong) and a kobold.

Vanquished Creatures
  2 dart slugs
  A ball python (D:2)
  A bat (D:1)
  An endoplasm (D:1)
  2 giant cockroaches
  10 goblins
  4 hobgoblins
  2 quokkas
  2 frilled lizards
  A kobold (D:1)
  4 rats (D:2)
30 creatures vanquished.

Vanquished Creatures (others)
  94 foxfires
  7 plants (D:2)
101 creatures vanquished.

Grand Total: 131 creatures vanquished

Notes
Turn   | Place    | Note
-------+----------+-------------------------------------------
     0 | D:1      | unlimited1921 the Demigod Fire Elementalist began the quest
                  | for the Orb.
     0 | D:1      | Reached XP level 1. HP: 14/14 MP: 5/5
    84 | D:1      | Found Resso's Antique Armour Emporium.
    90 | D:1      | Reached skill level 3 in Fire Magic
   418 | D:1      | Reached skill level 1 in Conjurations
   778 | D:1      | Reached XP level 2. HP: 20/20 MP: 1/7
  3780 | D:2      | Noticed Robin
  3787 | D:2      | Reached XP level 3. HP: 16/26 MP: 5/9
  3809 | D:2      | HP: 1/26 [goblin[Robin] (3)]
  3810 | D:2      | Slain by a hobgoblin

Illustrated notes

Levels and vault maps discovered:
D:1:      minmay_arrival_shoal_huts, layout_loops_ring, serial_shops, shop,
          hellmonk_ecumenical_altar_zigzags, minmay_misc_feat_square
D:2:      layout_basic, serial_forest, infiniplex_forest_clump_cross,
          infiniplex_forest_straight_5, infiniplex_forest_lined_2,
          infiniplex_forest_lined_2, infiniplex_forest_straight_3,
          infiniplex_forest_lined_2, infiniplex_forest_join, uniq_robin

Skill      XL: |  1 |
---------------+----+-----
Fire Magic     | 3 |  3.1
Conjurations   | 1 |  1.3
Spellcasting   | 2 |  2.4
Fighting       | |  0.1
Dodging        | |  1.9
Stealth        | |  1.9

Action                   || total
-------------------------++-------
Melee: Hand axe          ||     7
 Cast: Foxfire           ||    55
Armor: Robe              ||     3
Dodge: Dodged            ||    10
